Map: Nekodrec EE

Players

MrFercho - Winner!

  • Race: Terran Terran
  • Spawn Location: 11:00

tigro

  • Race: Terran Terran
  • Spawn Location: 1:00

VOD

Have the link to the VOD?

Description

Time

  • Played on: March 24, 2020, 10:09 p.m.
  • Length: 25:49
Show
View Real Time Build Order
Export as new Build Order

MrFercho Terran - Winner!

Build Orders:  

Get SALT Encoding   

  12  0:05  SCV  
  13  0:23  Supply Depot  
  13  0:28  SCV  
  14  0:40  SCV  
  15  0:45  Engineering Bay  
  15  0:53  Refinery  
  15  0:55  Refinery  
  15  0:56  SCV  
  16  1:09  SCV  
  17  1:21  SCV  
  17  1:22  Barracks  
  18  1:33  SCV  
  19  1:45  SCV  
  20  1:57  SCV, Barracks  
  21  2:11  Barracks  
  21  2:16  Supply Depot  
  21  2:19  Supply Depot  
  21  2:29  Orbital Command  
  21  2:34  Barracks Reactor  
  21  3:10  SCV  
  22  3:16  Barracks Tech Lab  
  22  3:17  Barracks Reactor  
  22  3:22  SCV  
  23  3:43  Supply Depot  
  23  3:44  Supply Depot  
  23  3:54  Marine  
  23  3:55  Marine x3  
  26  3:56  Marine  
  28  4:12  Marine x2  
  28  4:13  Marine x2  
  28  4:14  Marauder  
  34  4:21  Terran Infantry Armor Level 1  
  34  4:32  Engineering Bay  
  34  4:35  Marauder  
  34  4:36  Combat Shield  
  36  5:14  Refinery  
  36  5:15  Command Center  
  36  5:19  Refinery  
  36  5:51  Terran Infantry Weapons Level 1  
  36  5:55  Concussive Shells  
  31  6:38  Stimpack  
  29  7:19  Marine x4  
  29  7:20  Marine  
  32  7:37  Marine x5  
  37  7:54  Marine  
  37  7:55  Marine x4  
  42  8:12  Marine x2  
  42  8:13  Marine x2  
  46  8:32  Factory  
  44  10:37  Marine x5  
  49  10:54  Marine x2  
  49  10:55  Marine x3  
  51  11:12  Marine x3  
  51  11:13  Marine x2  
  41  11:31  Marauder  
  40  11:48  Factory Tech Lab  
  40  11:53  Marauder  
  42  12:11  Starport  
  42  12:13  Starport  
  32  12:48  Starport  
  32  13:00  Armory  
  32  13:02  Armory  
  32  13:04  Hi-Sec Auto Tracking  
  32  13:05  Neosteel Armor  
  32  13:14  Starport Tech Lab x2  
  32  13:19  SCV  
  33  13:31  SCV  
  34  13:43  SCV  
  35  13:55  SCV  
  35  14:07  SCV  
  35  14:09  Marine x5  
  40  14:15  Hellion  
  43  14:27  Marine x5  
  48  14:37  Hellion  
  50  14:44  Marine x2  
  50  14:45  Marine x3  
  53  14:58  Hellion  
  55  15:02  Marine x3, Terran Infantry Weapons Level 2  
  55  15:03  Terran Infantry Armor Level 2, Marine x2  
  59  15:17  Starport Tech Lab  
  59  15:18  Liberator  
  59  15:19  Liberator  
  59  15:20  Hellion  
  59  15:21  Marine  
  68  15:29  Orbital Command  
  68  15:41  Hellion  
  70  16:01  Banshee  
  46  20:44  Viking x2  
  46  20:45  Viking  
  52  21:14  Viking x2  
  52  21:15  Viking  
  52  21:17  Refinery  
  58  21:22  Refinery  
  58  21:23  Command Center  
  58  21:44  Viking x3  
  61  22:10  Marine x2  
  61  22:11  Marine x3  
  61  22:14  Viking x3  
  64  22:28  Marine x3  
  64  22:29  Marine x2  
  63  22:44  Viking x3  
  63  22:46  Marine x4  
  63  22:47  Marine  
  74  22:54  Terran Ship Weapons Level 1, Terran Vehicle And Ship Armor Level 1  
  74  22:59  Hellion  
  74  23:04  Marine x5  
  81  23:21  Hellion, Infernal Pre-Igniter  
  81  23:22  Marine  
  84  23:39  Banshee x3  
  93  23:42  Hellion  
  90  24:04  Hellion  
  88  24:21  Banshee  
  88  24:22  Banshee x2  
  97  24:25  Hellion  
  99  25:04  Banshee x2  
  99  25:05  Banshee  
Show
View Real Time Build Order
Export as new Build Order

tigro Terran 

Build Orders:  

Get SALT Encoding   

  12  0:03  SCV  
  13  0:17  Supply Depot  
  13  0:20  SCV  
  14  0:32  SCV  
  15  0:44  SCV  
  16  0:56  SCV, Barracks  
  17  1:12  Refinery  
  17  1:18  Refinery  
  17  1:43  Marine  
  18  1:48  Barracks  
  18  1:52  SCV, Supply Depot  
  19  2:01  Marine  
  19  2:04  SCV  
  21  2:17  SCV  
  21  2:19  Marine  
  21  2:20  Engineering Bay  
  23  2:29  SCV  
  24  2:37  Marine  
  24  2:40  Barracks Tech Lab  
  24  2:41  SCV  
  26  2:55  Marine  
  26  2:57  Command Center  
  27  3:12  Marine  
  28  3:23  Combat Shield  
  28  3:28  Missile Turret  
  28  3:30  Marauder  
  30  3:37  Barracks Tech Lab  
  30  3:51  Missile Turret  
  30  3:53  Orbital Command  
  30  4:09  Marauder  
  32  4:26  Supply Depot  
  32  4:42  Stimpack, Factory  
  32  4:47  Planetary Fortress  
  32  4:48  Refinery  
  32  5:20  Missile Turret  
  32  5:23  Missile Turret  
  32  5:24  SCV  
  33  5:31  SCV  
  34  5:36  SCV  
  35  5:44  SCV  
  35  5:48  SCV  
  37  5:51  Supply Depot  
  37  5:56  SCV  
  36  5:57  Refinery  
  36  6:02  Marine  
  31  6:05  Marine  
  31  6:08  SCV  
  31  6:17  Hellion  
  33  6:20  SCV, Marine  
  33  6:23  Marine  
  34  6:41  Marine  
  34  6:46  Hellion  
  33  6:58  Marine  
  30  7:16  Marine  
  30  7:21  Barracks  
  30  7:34  Marine  
  30  7:52  Marine  
  30  7:59  Barracks  
  30  8:10  Marine  
  30  8:28  Marine  
  30  8:46  Marine x2  
  32  8:49  Factory  
  31  9:04  Marine  
  30  9:22  Marine  
  25  9:52  Barracks  
  5  10:23  SCV  
  6  10:35  SCV  
  7  10:41  Supply Depot  
  7  10:47  SCV, Marine  
  9  10:56  Engineering Bay  
  9  10:59  SCV  
  9  11:11  SCV  
  10  11:40  Barracks  
  10  11:57  Terran Infantry Weapons Level 1  
  10  11:58  Barracks  
  10  12:12  Refinery  
  9  12:38  Marine  
  10  12:50  Barracks  
  10  12:56  Marine  
  11  12:59  Refinery  
  11  13:00  SCV  
  12  13:13  SCV  
  12  13:14  Marine x2  
  12  13:16  Supply Depot  
  15  13:25  SCV  
  16  13:32  Supply Depot, Marine x2  
  18  13:37  SCV  
  19  13:42  Barracks Tech Lab  
  19  13:49  SCV, Marine  
  19  13:50  Marine  
  19  13:51  Terran Infantry Armor Level 1  
  15  14:07  Marine x2  
  15  14:25  Marine  
  15  14:43  Marine  
  15  14:47  Barracks  
  13  15:16  Refinery  
  13  15:22  Barracks  
  13  15:37  Barracks  
  12  16:18  Marine  
  12  16:24  Marine  
  14  16:36  Marine  
  14  16:54  Marine  
  14  17:08  Engineering Bay  
  14  17:11  Marine  
  15  17:29  Marine  
  2  17:44  Command Center  
  2  17:47  Marine  
  1  18:55  Marine  
  1  18:59  Supply Depot  
  2  19:07  SCV  
  3  19:13  Marine  
  3  19:19  SCV  
  4  19:29  Barracks  
  4  19:31  SCV, Marine  
  5  19:43  SCV  
  5  19:44  Hi-Sec Auto Tracking  
  6  19:49  Marine  
  6  19:55  SCV  
  6  20:17  Marine  
  7  20:33  SCV  
  7  20:35  Marine  
  9  20:41  Neosteel Armor  
  9  20:52  Marine  
  10  21:06  SCV  
  10  21:10  Marine  
  12  21:24  Planetary Fortress  
  12  21:28  Marine  
  13  21:46  Marine  
  14  22:04  Missile Turret, Marine  
  15  22:21  Marine, Barracks  
  14  22:39  Marine  
  14  22:57  Marine  
  15  23:09  Barracks Tech Lab  
  15  23:15  Marine  
  16  23:33  Marine  
  17  23:40  Supply Depot  
  17  23:44  Marauder  
  19  23:51  Marine  
  17  24:05  Marauder  
  17  24:08  Marine  
  18  24:26  Marine  
  18  24:28  Marauder  
  21  24:34  Refinery  
  21  24:35  SCV  
  22  24:45  Barracks Tech Lab  
  22  24:49  Marine  
  7  25:07  Marine  
Tags
 
Matchup
TvT
Race
Terran
Replay Pack
MrFercho
Spawn Locations
Close Positions
Add a new tag
Caveats
  • Supply blocks, unpowered buildings, or Contaminate may cause inaccurate times.
  • Supply counts are checked every 10 seconds.